 Dungeon Crawl Stone Soup version 0.20.0-7-g3b7b877 (webtiles) character file.

954 valhalheru the Slasher (level 8, -1/68 HPs)
             Began as a Hill Orc Fighter on May 29, 2017.
             Slain by an ogre
             ... wielding a +0 giant club
              (15 damage)
             ... on level 5 of the Dungeon.
             The game lasted 00:14:40 (4631 turns).

valhalheru the Slasher (Hill Orc Fighter)           Turns: 4631, Time: 00:14:41

Health: -1/68      AC: 13    Str: 21    XL:     8   Next: 14%
Magic:  8/8        EV:  6    Int:  8    God:
Gold:   361        SH: 14    Dex: 10    Spells: 7/7 levels left

rFire    . . .     SeeInvis .   a - +0 long sword
rCold    . . .     Gourm    .   c - +1 shield
rNeg     . . .     Faith    .   m - +0 chain mail
rPois    .         Spirit   .   j - +1 hat
rElec    .         Reflect  +   (no cloak)
rCorr    .         Harm     .   o - +1 pair of gloves
MR       .....                  (no boots)
Stlth    ..........             h - +3 amulet of reflection
Regen    0.3/turn               (no ring)
MPRegen  0.2/turn               (no ring)

@: no status effects
A: no striking features
a: no special abilities


You were on level 5 of the Dungeon.
You were not hungry.

You visited 1 branch of the dungeon, and saw 5 of its levels.

You collected 361 gold pieces.

Inventory:

Hand Weapons
 a - a +0 long sword (weapon)
Missiles
 d - 5 tomahawks
 e - 8 javelins of returning (quivered)
Armour
 c - a +1 shield (worn)
 j - a +1 hat (worn)
 m - a +0 chain mail (worn)
 o - a +1 pair of gloves (worn)
Jewellery
 h - a +3 amulet of reflection (around neck)
 k - an uncursed ring of flight
Wands
 n - a wand of flame (40/48)
Scrolls
 i - a scroll of teleportation
 p - a scroll of magic mapping
Potions
 g - 2 potions of heal wounds
 q - a potion of brilliance
Comestibles
 b - a royal jelly
 f - 2 bread rations
 l - a meat ration


   Skills:
 + Level 5.1 Fighting
 + Level 6.5 Long Blades
 + Level 5.0 Armour
 + Level 1.4 Dodging
 + Level 0.3 Stealth
 + Level 6.2 Shields


You had 7 spell levels left.
You didn't know any spells.

Dungeon Overview and Level Annotations

Branches:
Dungeon (5/15)
 Temple: D:4-7

Altars:
Hepliaklqana
Makhleb


Message History

You kill the orc wizard!
You block the orc's attack. The ogre hits you with a giant club.
* * * LOW HITPOINT WARNING * * *
You block the orc's attack.
There is an open door, spattered with blood here.
Things that are here:
a dagger; a robe You slash the ogre!
The ogre is moderately wounded.
The ogre closely misses you.
You slash the ogre!
The ogre is severely wounded.
You block the ogre's attack.
You hit the ogre but do no damage.
The ogre is severely wounded.
You block the ogre's attack.
You hit the ogre but do no damage.
The ogre is severely wounded.
The ogre hits you with a giant club!
You die...

############################
......>.'.....#............#
..()...(#.....'............#
........#.....#............#
...#....########...##.....##
######..###..###...##.....#
#. #....#.........##.....#
#. #....#.........##.....#
#. #....'......@.........+
#. ############O####.....#
#. #.o...#.....# #.
#.....#.....######.
#.....#.....##...#.
#.....#.....'....#.
#...>.#.....##...#.
####+#.....#.....##)..'.
#+#..........#.....#....#.


You could see an ogre and an orc.

Vanquished Creatures
  Grinder (D:3)
  A hungry ghost (D:5)
  A black bear (D:4)
  A bullfrog (D:5)
  A crimson imp (D:4)
  A bullfrog zombie (D:5)
  An orc priest (D:3)
  An iguana (D:4)
  2 orc wizards
  2 worker ants
  A worker ant zombie (D:4)
  4 adders
  An adder zombie (D:5)
  6 worms
  3 dart slugs
  2 leopard geckos (D:4)
  22 orcs
  A ball python (D:2)
  12 bats
  2 giant cockroaches
  9 goblins
  7 hobgoblins
  7 jackals
  A quokka (D:4)
  4 frilled lizards
  6 kobolds
  3 rats
103 creatures vanquished.

Vanquished Creatures (others)
  A centaur (D:5)
1 creature vanquished.

Grand Total: 104 creatures vanquished

Notes
Turn   | Place    | Note
-------+----------+-------------------------------------------
     0 | D:1      | valhalheru the Hill Orc Fighter began the quest for the Orb.
     0 | D:1      | Reached XP level 1. HP: 19/19 MP: 1/1
   170 | D:1      | Reached XP level 2. HP: 26/27 MP: 2/2
   584 | D:1      | Reached XP level 3. HP: 28/33 MP: 3/3
  1342 | D:2      | Found a faded altar of an unknown god.
  1349 | D:2      | Reached XP level 4. HP: 40/40 MP: 4/4
  1553 | D:3      | Found a burning altar of Makhleb.
  2004 | D:3      | Reached XP level 5. HP: 32/46 MP: 5/5
  2283 | D:3      | Noticed Grinder
  2302 | D:3      | Paralysed by Grinder for 4 turns
  2310 | D:3      | Paralysed by Grinder for 5 turns
  2319 | D:3      | Killed Grinder
  2319 | D:3      | Reached skill level 1 in Dodging
  2319 | D:3      | Reached XP level 6. HP: 26/53 MP: 6/6
  2812 | D:4      | Reached skill level 5 in Long Blades
  3272 | D:4      | Reached skill level 5 in Shields
  3450 | D:4      | Reached XP level 7. HP: 52/60 MP: 7/7
  4199 | D:5      | Entered Level 5 of the Dungeon
  4352 | D:5      | Found a hazy altar of Hepliaklqana.
  4564 | D:5      | Noticed a hungry ghost
  4594 | D:5      | Killed a hungry ghost
  4594 | D:5      | Reached skill level 5 in Fighting
  4594 | D:5      | Reached XP level 8. HP: 68/68 MP: 8/8
  4620 | D:5      | Reached skill level 5 in Armour
  4631 | D:5      | Slain by an ogre

Skill      XL: |  1  2  3  4  5  6  7  8 |
---------------+-------------------------+-----
Shields        | 4 5 6 |  6.2
Long Blades    | 3 4 5 6 |  6.5
Fighting       | 4 5 |  5.1
Armour         | 4 5 |  5.0
Dodging        | 1 |  1.4
Stealth        | |  0.3

Action                   |  1- 3 |  4- 6 |  7- 9 || total
-------------------------+-------+-------+-------++-------
Melee: Long sword        |   103 |   221 |   147 ||   471
  Use: Scroll            |     7 |     3 |       ||    10
       Potion            |       |     5 |     2 ||     7
  Eat: Fruit             |     2 |     4 |       ||     6
       Meat ration       |       |     1 |     1 ||     2
       Royal jelly       |       |     1 |     1 ||     2
Armor: Scale mail        |    65 |    40 |       ||   105
       Chain mail        |       |    27 |    84 ||   111
Dodge: Dodged            |    41 |    51 |    35 ||   127
Block: Shield            |    83 |   135 |   131 ||   349
       Reflection        |       |       |     5 ||     5
       Rpst.: Long sword |    10 |    13 |    10 ||    33
